 Dungeon Crawl Stone Soup version 0.21-a0-642-g5d013b2151 (webtiles) character file.

4 Manul the Ducker (level 1, -6/11 HPs)
             Began as a Spriggan Abyssal Knight on Dec 31, 2017.
             Was an Initiate of Lugonu.
             Killed by a magical explosion (12 damage)
             ... on level 1 of the Dungeon.
             The game lasted 00:02:52 (379 turns).

Manul the Ducker (Spriggan Abyssal Knight)           Turns: 379, Time: 00:02:53

Health: -6/11      AC:  2    Str:  3 (4)  XL:     1   Next: 58%
Magic:  3/3        EV: 18    Int: 10 (13) God:    Lugonu [......]
Gold:   165        SH:  0    Dex: 13 (15) Spells: 0/0 levels left

rFire    + . .     SeeInvis +   a - +1 short sword
rCold    . . .     Gourm    .   (shield restricted)
rNeg     . . .     Faith    .   b - +0 robe
rPois    .         Spirit   .   (helmet restricted)
rElec    .         Reflect  .   (no cloak)
rCorr    .         Harm     .   (gloves unavailable)
MR       .....                  (boots unavailable)
Stlth    ..........             (no amulet)
HPRegen  0.03/turn              e - ring of Qoomom {+Inv Str-4 Int+2 Stlth-}
MPRegen  0.08/turn              (no ring)

@: contaminated, glowing, very quick
A: very small, unfitting armour, see invisible, dopey 1, fire resistance 1,
herbivore, speed 3, slow metabolism 2
a: Renounce Religion, Evoke Invisibility


You were on level 1 of the Dungeon.
You worshipped Lugonu.
Lugonu was noncommittal.
You were not hungry.

You visited 1 branch of the dungeon, and saw 1 of its levels.
You visited the Abyss 1 time.

You collected 165 gold pieces.

Inventory:

Hand Weapons
 a - a +1 short sword (weapon)
Armour
 b - a +0 robe (worn)
 g - the +1 leather armour of the Four Songs {*Drain +Inv rF+ Int+3, unknown}
   (You found it on level 3 of the Abyss)

   It affects your intelligence (+3).
   It protects you from fire.
   It lets you turn invisible.
   It causes draining when unequipped.
Jewellery
 e - the ring of Qoomom (left hand) {+Inv Str-4 Int+2 Stlth-}
   (You found it on level 3 of the Abyss)

   [ring of loudness]

   It affects your strength (-4).
   It affects your intelligence (+2).
   It lets you turn invisible.
   It makes you less stealthy.
Potions
 f - a potion of brilliance {unknown}
Comestibles
 c - 2 rations


   Skills:
 + Level 2.5 Fighting
 + Level 2.2 Short Blades
 + Level 3.7 Dodging
 + Level 1.8 Invocations


You couldn't memorise any spells.
You didn't know any spells.

Dungeon Overview and Level Annotations

Branches:
Dungeon (1/15)

Altars:


Innate Abilities, Weirdness & Mutations

You are very small and have problems with some larger weapons.
You are too small for most types of armour.
You have supernaturally acute eyesight. (SInv)
You are a herbivore.
You cover ground extremely quickly.
You need consume almost no food.
You are dopey. (Int -2)
Your flesh is heat resistant. (rF+)


Message History

You are too injured to fight recklessly!
You hit the leopard gecko.
You kill the leopard gecko!
Lugonu accepts your kill. The bat completely misses you.
The bat hits you but does no damage.
There is an open door here.
You see here a giant cockroach corpse.
You barely miss the bat. The bat barely misses you.
You hit the bat but do no damage. The bat misses you.
The bat completely misses you.
You hit the bat.
You kill the bat!
Lugonu accepts your kill.
There is a staircase leading out of the dungeon, spattered with blood here.
You see here a bat corpse.
You start resting.
Your body shudders with the violent release of wild energies!
The magical storm engulfs you!
Ouch! That really hurt!
You die...

... ...###
# ....#.#
#.8.#.#
.....#
##....#
#..#..####
+.....†..#
###+###.@#
#..# ####


There were no monsters in sight!

Vanquished Creatures
  A leopard gecko (D:1)
  A bat (D:1)
  A giant cockroach (D:1)
3 creatures vanquished.

Vanquished Creatures (others)
  7 starspawn tentacles (Abyss:3)
7 creatures vanquished.

Grand Total: 10 creatures vanquished

Notes
Turn   | Place    | Note
-------+----------+-------------------------------------------
     0 | Abyss:1  | Manul the Spriggan Abyssal Knight began the quest for the Orb.
     0 | Abyss:1  | Reached XP level 1. HP: 11/11 MP: 3/3
    46 | Abyss:2  | Noticed an iron imp
    81 | Abyss:3  | Found a corrupted altar of Lugonu.
   113 | Abyss:3  | Noticed a quasit
   165 | Abyss:3  | Noticed a tentacled starspawn
   175 | Abyss:3  | Noticed a small abomination
   250 | Abyss:3  | Got a shimmering glass ring
   252 | Abyss:3  | Got a bronze leather armour
   253 | Abyss:3  | Noticed a large abomination
   270 | Abyss:3  | Identified the ring of Qoomom {+Inv Str-4 Int+2 Stlth-} (You found it on level 3 of the Abyss)
   281 | D:1      | Escaped the Abyss
   288 | D:1      | Gained mutation: Your flesh is heat resistant. (rF+) [mutagenic glow]
   346 | D:1      | Gained mutation: You are dopey. (Int -2) [mutagenic glow]
   379 | D:1      | Killed by a magical explosion

Vault maps used:
D:1:      dpeg_arrival_court
Abyss:1:  evilmike_abyss_exit_17
Abyss:3:  abyss_exit_lava

Action                   || total
-------------------------++-------
Melee: Short sword       ||    20
Invok: Depart the Abyss  ||     1
  Use: Scroll            ||     4
       Potion            ||     1
Armor: Robe              ||    12
Dodge: Dodged            ||    36

Table legend:
 A = Spawn XP
 B = Non-spawn XP
 C = Spawn XP percentage of total XP
 D = Spawn monster count
 E = Non-spawn monster count
 F = Spawn count percentage of total count
 G = Total turns spent on level
                    A         B        C        D         E        F      G
               +---------+---------+-------+---------+---------+-------+---------
         Total |       0 |       7 |   0.0 |       0 |       3 |   0.0 |   379
               +---------+---------+-------+---------+---------+-------+---------
           D:1 |       0 |       7 |   0.0 |       0 |       3 |   0.0 |    98
               +---------+---------+-------+---------+---------+-------+---------
